 Dungeon Crawl Stone Soup version 0.30-a0-457-g4b7bca3bfa (webtiles) character file.

Game seed: 6872814642947078008

86 retardedninja the Trooper (level 4, -1/40 HPs)
             Began as a Hill Orc Fighter on Dec 12, 2022.
             Slain by an ogre
             ... wielding a +0 giant club
              (30 damage)
             ... on level 3 of the Dungeon.
             The game lasted 00:02:40 (1829 turns).

retardedninja the Trooper (Hill Orc Fighter)        Turns: 1829, Time: 00:02:41

Health: -1/40      AC:  7    Str: 20    XL:     4   Next: 49%
Magic:  4/4        EV:  9    Int:  8    God:
Gold:   163        SH:  4    Dex: 10    Spells: 3/3 levels left

rFire   . . .      SeeInvis .    a - +0 war axe
rCold   . . .      Faith    .    c - +0 buckler
rNeg    . . .      Spirit   .    b - +0 scale mail
rPois   .          Reflect  .    (no helmet)
rElec   .          Harm     .    (no cloak)
rCorr   .          Rampage  .    (no gloves)
Will    .....                    (no boots)
Stlth   ..........               (no amulet)
HPRegen 0.26/turn                (no ring)
MPRegen 0.09/turn                (no ring)

@: mighty
A: no striking features
a: no special abilities


You were on level 3 of the Dungeon.
You visited 1 branch of the dungeon, and saw 3 of its levels.

You collected 163 gold pieces.

Inventory:

Hand Weapons
 a - a +0 war axe (weapon)
Missiles
 m - 6 boomerangs (quivered)
Armour
 b - a +0 scale mail (worn)
 c - a +0 buckler (worn)
Jewellery
 e - a +6 ring of dexterity
 i - a +4 ring of slaying
Scrolls
 f - a scroll of amnesia {unknown}
 g - a scroll of identify {unknown}
 h - a scroll of blinking {unknown}
 n - a scroll of fog {unknown}
 o - a scroll of teleportation {unknown}
 p - a scroll of noise {unknown}
 r - a scroll of vulnerability {unknown}
Potions
 j - 2 potions of curing {unknown}
 k - a potion of flight {unknown}
 l - 3 potions of haste {unknown}
 q - a potion of brilliance {unknown}


   Skills:
 + Level 4.2 Fighting
 + Level 3.6 Axes
 + Level 0.5 Throwing
 + Level 3.9 Armour
 + Level 4.0 Shields
 + Level 0.4 Evocations


You had 3 spell levels left.
You didn't know any spells.
Your spell library contained the following spells:

 Spells                   Type           Power      Damage    Failure   Level
 Magic Dart               Conj           0%         1d3       85%         1
 Sting                    Tmut/Pois      0%         1d3       85%         1
 Call Imp                 Summ           0%         N/A       94%         2
 Poisonous Vapours        Pois/Air       0%         N/A       94%         2
 Mephitic Cloud           Conj/Pois/Air  0%         N/A       99%         3
 Olgreb's Toxic Radiance  Pois           0%         N/A       100%        4


Dungeon Overview and Level Annotations

Branches:
Dungeon (3/15)

Altars:

Annotations:
D:3 1 runed translucent door, Crazy Yiuf


Message History

No target in view!
No target in view!
No target in view!
l - 3 amethyst potions (gained 1) Key pressed, stopping explore.
A rat comes into view.
A rat is nearby!
The rat barely misses you.
You hit the rat but do no damage. The rat bites you.
You hit the rat.
You kill the rat!
No target in view!
No target in view!
No target in view!
No target in view!
No target in view!
No target in view!
An ogre comes into view. It is wielding a +0 giant club.
Found a scroll labelled VAQAOT CUBLESH.
The ogre shouts!
An ogre is nearby!
An ogre is nearby!
An ogre is nearby!
Found a stone staircase leading down.
You feel very mighty all of a sudden.
Found a mace.
A giant cockroach comes into view.
You closely miss the ogre. The ogre closely misses you.
You slash the ogre!
The ogre is heavily wounded.
You block the ogre's attack.
You barely miss the ogre.
The ogre is heavily wounded.
The ogre hits you with a +0 giant club!
You closely miss the ogre.
The ogre is heavily wounded.
The giant cockroach barely misses you.
The ogre hits you with a +0 giant club!!
Ouch! That really hurt!
You die...

#...####
#...#####.#
#.........#
##.######## #.#
#.# #### #.#
.>. #.#
#######.###?#
#.#
#.....@O....#
#.#
##.#####B##....
#.# ##...# )# .
#.######..#..#
.#
#........###.#
.# ########..#
.# .# ##...##
.# #### .#


You could see an ogre and a giant cockroach.

Vanquished Creatures
  2 adders
  2 dart slugs (D:2)
  An orc (D:3)
  6 endoplasms
  8 giant cockroaches
  5 goblins
  5 hobgoblins
  4 jackals (D:1)
  5 kobolds
  3 quokkas
  A ball python (D:1)
  4 bats
  2 frilled lizards
  9 rats
57 creatures vanquished.

Notes
Turn   | Place    | Note
-------+----------+-------------------------------------------
     0 | D:1      | retardedninja the Hill Orc Fighter began the quest for the
                  | Orb.
     0 | D:1      | Reached XP level 1. HP: 19/19 MP: 1/1
   162 | D:1      | Reached XP level 2. HP: 27/27 MP: 2/2
   319 | D:1      | Reached XP level 3. HP: 33/33 MP: 3/3
  1345 | D:2      | Reached XP level 4. HP: 40/40 MP: 4/4
  1652 | D:3      | Found a runed translucent door.
  1653 | D:3      | Noticed Crazy Yiuf
  1822 | D:3      | Noticed an ogre
  1829 | D:3      | Slain by an ogre

Illustrated notes

Levels and vault maps discovered:
D:1:      beargit_arrival_greenhouse, layout_basic
D:2:      layout_basic, grunt_ministairs_1, minmay_statues_item,
          grunt_decor_arrowhead, hangedman_feature_mirror, hex_intersection
D:3:      layout_loops_ring, serial_glass, glass_columns_b, glass_columns_b,
          glass_columns_a, glass_columns_a, glass_columns_a,
          dreamdust_wishing_well, uniq_crazy_yiuf_cottage

Skill      XL: |  1  2  3  4 |
---------------+-------------+-----
Axes           | 3 |  3.6
Fighting       | 4 |  4.2
Shields        | 4 |  4.0
Throwing       | |  0.5
Armour         | |  3.9
Evocations     | |  0.4

Action                   |  1- 3 |  4- 6 || total
-------------------------+-------+-------++-------
Melee: War axe           |   118 |    36 ||   154
Throw: Boomerang         |     7 |     8 ||    15
  Use: Potion            |       |     1 ||     1
Armor: Scale mail        |    55 |    22 ||    77
Dodge: Dodged            |    73 |    26 ||    99
Block: Buckler           |    21 |     6 ||    27

Table legend: (Time is in decaauts)
 A = Elapsed time spent in this place.
 B = Non-inter-level travel time spent in this place.
 C = Inter-level travel time spent in this place.
 D = Time resting spent in this place.
 E = Time spent auto-exploring this place.
 F = Levels seen in this place.
 G = Mean time per level.
                   A        B        C        D        E       F      G
               +--------+--------+--------+--------+--------+-----+--------+
         Total |   1890 |   1877 |     13 |      0 |   1431 |   3 |  630.0 |
       Dungeon |   1890 |   1877 |     13 |      0 |   1431 |   3 |  630.0 |
               +--------+--------+--------+--------+--------+-----+--------+

Top non-repeatable levels by time:
     D:2: 859 daAuts
     D:1: 721 daAuts
     D:3: 308 daAuts
